 Dungeon Crawl Stone Soup version 0.26-a0-651-gb41185065b (webtiles) character file.

Game seed: 15320016260377445748

683 Irenicus the Cudgeler (level 7, 0/52 HPs)
             Began as a Demonspawn Chaos Knight on Oct 30, 2020.
             Was a Plaything of Xom.
             Succumbed to an adder's poison
             ... on level 4 of the Dungeon.
             The game lasted 00:08:14 (2531 turns).

Irenicus the Cudgeler (Demonspawn Chaos Knight)     Turns: 2531, Time: 00:08:14

Health: 0/52       AC:  8    Str:  8    XL:     7   Next: 35%
Magic:  7/7        EV: 26    Int: 14    God:    Xom [......]
Gold:   153        SH:  0    Dex: 14    Spells: 6/6 levels left

rFire    . . .     SeeInvis .   a - +0 mace (chaos)
rCold    . . .     Faith    .   (no shield)
rNeg     . . .     Spirit   .   b - +2 leather armour
rPois    .         Reflect  .   (helmet restricted)
rElec    .         Harm     .   (no cloak)
rCorr    .         Rampage  .   (no gloves)
MR       +....                  i - +0 pair of boots
Stlth    +.........             m - amulet of the acrobat
HPRegen  0.17/turn              o - -4 ring of strength (curse)
MPRegen  0.10/turn              q - ring of protection from magic {MR+, !d}

@: lethally poisoned (0 -> -1), acrobat
A: antennae 2, slimy green scales 1
a: Renounce Religion


You were on level 4 of the Dungeon.
You worshipped Xom.
You were a very special plaything of Xom.
You visited 1 branch of the dungeon, and saw 4 of its levels.

You collected 153 gold pieces.

Inventory:

Hand Weapons
 a - a +0 mace of chaos (weapon)
Missiles
 l - 3 silver javelins (quivered)
Armour
 b - a +2 leather armour (worn)
 i - a +0 pair of boots (worn)
   (You found it on level 2 of the Dungeon)
Jewellery
 e - an uncursed ring of protection from magic {MR+, !d}
   (You found it on level 2 of the Dungeon)
 h - an uncursed ring of fire {rF+, rC-}
   (You found it on level 2 of the Dungeon)
 m - an amulet of the acrobat (around neck)
   (You found it on level 2 of the Dungeon)
 o - a cursed -4 ring of strength (left hand)
   (You found it on level 2 of the Dungeon)
 q - a ring of protection from magic (right hand) {MR+, !d}
   (You found it on level 3 of the Dungeon)
Scrolls
 c - a scroll of magic mapping {unknown}
 d - 2 scrolls of identify
 g - a scroll of fog
 j - 2 scrolls of teleportation
 n - a scroll of fear {unknown}
 p - a scroll of remove curse {unknown}


   Skills:
 - Level 3.0 Fighting
 + Level 7.9 Maces & Flails
 - Level 1.7 Armour
 - Level 0.8 Dodging


You had 6 spell levels left.
You didn't know any spells.
Your spell library was empty.

Dungeon Overview and Level Annotations

Branches:
Dungeon (4/15)
 Temple: D:4-7

Altars:
Ashenzari
Nemelex Xobeh
Ru


Innate Abilities, Weirdness & Mutations

You have a pair of antennae on your head.
You are partially covered in slimy green scales. (AC +2)


Message History

You are poisoned.
The adder poisons you! The adder barely misses you.
You take 6 damage, and have 20/52 hp.
You miss the adder.
The adder is almost dead.
You feel sick. The adder bites you.
* * * LOW HITPOINT WARNING * * *
You are more poisoned.
The adder poisons you! The adder bites you.
* * * LOW HITPOINT WARNING * * *
You take 10 damage, and have 10/52 hp.
You hit the adder but do no damage.
The adder flickers and vanishes!
Deactivating autopickup; reactivate with Ctrl-A.
* * * LOW HITPOINT WARNING * * *
You feel sick.
Something bites you but does no damage. x2
You barely miss something.
* * * LOW HITPOINT WARNING * * *
You feel sick.
Reactivating autopickup.
You feel your intelligence returning.
You feel a bit more experienced.
You take 1 damage, and have 9/52 hp.
You hit the gnoll.
The gnoll is poisoned.
The gnoll is moderately wounded.
* * * LOW HITPOINT WARNING * * *
You feel sick. The gnoll barely misses you.
You take 1 damage, and have 8/52 hp.
Okay, then.
* * * LOW HITPOINT WARNING * * *
You feel sick.
Found 13 gold pieces.
Found an escape hatch in the floor.
You take 1 damage, and have 7/52 hp.
* * * LOW HITPOINT WARNING * * *
You feel sick.
You take 1 damage, and have 6/52 hp.
A bullfrog skeleton comes into view.
* * * LOW HITPOINT WARNING * * *
You feel sick.
Your magical effects are unravelling.
You feel magically purged.
You feel a little less clever now.
* * * LOW HITPOINT WARNING * * *
You feel sick.
The bullfrog skeleton hits you but does no damage.
The gnoll misses you.
The bullfrog skeleton barely misses you.
You take 1 damage, and have 5/52 hp.
As you read the scroll of teleportation, it crumbles to dust.
You feel strangely unstable. The bullfrog skeleton hits you.
* * * LOW HITPOINT WARNING * * *
The gnoll hits you but does no damage. The gnoll closely misses you.
You take 1 damage, and have 4/52 hp.
* * * LOW HITPOINT WARNING * * *
You feel sick.
Found a stone staircase leading down.
You take 1 damage, and have 3/52 hp.
A worm comes into view.
Your surroundings suddenly seem different.
The worm moves out of view.
* * * LOW HITPOINT WARNING * * *
You feel sick.
You take 1 damage, and have 2/52 hp.
There is a lethal amount of poison in your body!
A worker ant comes into view.
* * * LOW HITPOINT WARNING * * *
You feel sick.
You feel a bit more experienced.
You take 1 damage, and have 2/52 hp.
You aren't carrying any potions.
* * * LOW HITPOINT WARNING * * *
You feel sick. The worker ant completely misses you.
You take 1 damage, and have 1/52 hp.
You hit the worker ant. You burn the worker ant.
The worker ant is heavily wounded.
The worker ant bites you but does no damage.
The worker ant completely misses you.
You hit the worker ant. You burn the worker ant.
The worker ant is heavily wounded.
The worker ant barely misses you.
You hit the worker ant but do no damage.
The worker ant is heavily wounded.
* * * LOW HITPOINT WARNING * * *
You feel sick. The worker ant barely misses you.
You take 1 damage, and have 1/52 hp.
You barely miss the worker ant.
The worker ant is heavily wounded.
The worker ant closely misses you.
You hit the worker ant.
The worker ant is almost dead.
The worker ant misses you.
You hit the worker ant but do no damage.
The worker ant is poisoned.
The worker ant is almost dead.
You kill the worker ant!
* * * LOW HITPOINT WARNING * * *
You feel sick.
You see here a scroll of teleportation.
As you read the scroll of teleportation, it crumbles to dust.
You feel strangely unstable.
Your surroundings suddenly seem different.
You die...
Xom chortles!

###
..#
#.#
#.#
#.#
#.#
#.#
#.#
#@#
#.#
..#
####


There were no monsters in sight!

Vanquished Creatures
  A cane toad (shapeshifter) (D:3)
  Natasha (thrice) (D:2)
  Terence (D:2)
  A worker ant (D:4)
  Robin (D:3)
  4 gnolls
  A howler monkey skeleton (D:4)
  4 adders
  2 oozes
  A worm (D:2)
  2 dart slugs
  2 leopard geckos (D:2)
  An orc (D:3)
  5 giant cockroaches
  18 goblins
  14 hobgoblins
  A jackal (D:2)
  2 quokkas (D:3)
  7 bats
  4 frilled lizards
  6 kobolds
  8 rats
89 creatures vanquished.

Vanquished Creatures (collateral kills)
  Sigmund (D:3)
1 creature vanquished.

Vanquished Creatures (others)
  A goblin (D:3)
  9 plants (D:3)
10 creatures vanquished.

Grand Total: 100 creatures vanquished

Notes
Turn   | Place    | Note
-------+----------+-------------------------------------------
     0 | D:1      | Irenicus the Demonspawn Chaos Knight began the quest for
                  | the Orb.
     0 | D:1      | Reached XP level 1. HP: 18/18 MP: 1/1
    36 | D:1      | Reached skill level 3 in Maces & Flails
    83 | D:1      | Gained mutation: You are partially covered in slimy green
                  | scales. (AC +2) [demonic ancestry]
    83 | D:1      | Reached XP level 2. HP: 20/24 MP: 2/2
   529 | D:1      | XOM: silly message
   582 | D:2      | Reached XP level 3. HP: 14/29 MP: 3/3
   583 | D:2      | Reached skill level 4 in Maces & Flails
   691 | D:2      | XOM: 1-stop teleportation journey
   692 | D:2      | Noticed Natasha
   695 | D:2      | Killed Natasha
   695 | D:2      | Reached XP level 4. HP: 22/35 MP: 4/4
   699 | D:2      | XOM: confuse monster(s)
   718 | D:2      | Noticed Natasha
   728 | D:2      | XOM: snakes to sticks
   730 | D:2      | Killed Natasha
   758 | D:2      | Noticed Terence
   784 | D:3      | Reached skill level 5 in Maces & Flails
   884 | D:3      | Noticed Robin
   887 | D:3      | HP: 5/35 [goblin/+0 dagger[Robin] (7)]
   896 | D:2      | XOM: 1-stop teleportation journey
  1131 | D:2      | Found a sparkling altar of Nemelex Xobeh.
  1221 | D:2      | Noticed Natasha
  1231 | D:2      | XOM: divination: detect items
  1232 | D:2      | Killed Natasha
  1232 | D:2      | Gained mutation: You have a pair of small antennae on your
                  | head. [demonic ancestry]
  1232 | D:2      | Reached XP level 5. HP: 23/41 MP: 5/5
  1399 | D:3      | Killed Robin
  1401 | D:3      | HP: 9/41 [quokka (5)]
  1403 | D:3      | Noticed a shapeshifter
  1403 | D:3      | a hobgoblin changed into a shapeshifter
  1403 | D:3      | XOM: polymorph hobgoblin -> shapeshifter
  1403 | D:3      | Noticed a polar bear
  1403 | D:3      | a shapeshifter changed into a polar bear
  1417 | D:3      | HP: 10/41 [goblin/stone[Robin] (1)]
  1435 | D:3      | HP: 10/41 [hobgoblin/+0 club (2)]
  1457 | D:3      | Noticed Sigmund
  1461 | D:3      | XOM: summons 2 friendly demons
  1474 | D:3      | Killed Sigmund
  1474 | D:3      | Reached skill level 6 in Maces & Flails
  1474 | D:3      | Gained mutation: You have a pair of antennae on your head.
                  | [demonic ancestry]
  1474 | D:3      | Reached XP level 6. HP: 13/47 MP: 6/6
  1564 | D:3      | Found a broken altar of Ashenzari.
  1658 | D:3      | Noticed a cane toad
  1658 | D:3      | a black bear changed into a cane toad
  1666 | D:3      | Killed a cane toad
  1666 | D:3      | Reached skill level 7 in Maces & Flails
  1666 | D:3      | Reached XP level 7. HP: 31/52 MP: 7/7
  2255 | D:2      | Killed Terence
  2261 | D:2      | XOM: 1-stop teleportation journey
  2303 | D:2      | Found a sacrificial altar of Ru.
  2392 | D:3      | XOM: summons 4 hostile demons
  2393 | D:3      | Noticed an orange demon
  2393 | D:3      | Noticed an orange demon
  2503 | D:4      | HP: 13/52 [adder (6)]
  2508 | D:4      | HP: 6/52 [poisoned by an adder]
  2513 | D:4      | HP: 3/52 [poisoned by an adder]
  2520 | D:4      | HP: 1/52 [poisoned by an adder]
  2527 | D:4      | HP: 1/52 [poisoned by an adder]
  2531 | D:4      | Succumbed to an adder's poison

Illustrated notes

Levels and vault maps discovered:
D:1:      minmay_arrival_radiant_lines, layout_loops_ring,
          hangedman_feature_mirror
D:2:      layout_rooms, lemuel_coloured_pillars_altar, marbit_many_paths,
          minmay_tall_x, uniq_natasha, uniq_terence
D:3:      layout_loops_cross, chequers_big_river, nicolae_ashenzari_panopticon,
          uniq_sigmund, uniq_robin
D:4:      layout_basic, kennysheep_little_box, minmay_fractal_squares_gapless_5

Skill      XL: |  1  2  3  4  5  6 |
---------------+-------------------+-----
Maces & Flails | 3 4 5 6 7 |  7.9
Fighting       | |  3.0
Armour         | |  1.7
Dodging        | |  0.8

Action                   |  1- 3 |  4- 6 |  7- 9 || total
-------------------------+-------+-------+-------++-------
Melee: Mace              |    60 |   163 |    35 ||   258
  Use: Scroll            |       |     5 |     4 ||     9
       Potion            |       |     3 |     2 ||     5
 Stab: Distracted        |     1 |       |       ||     1
       Paralysed         |       |     1 |       ||     1
       Sleeping          |       |       |     1 ||     1
Armor: Leather armour    |    25 |    70 |    15 ||   110
Dodge: Dodged            |    29 |   139 |    38 ||   206

Table legend: (Time is in decaauts)
 A = Elapsed time spent in this place.
 B = Non-inter-level travel time spent in this place.
 C = Inter-level travel time spent in this place.
 D = Time resting spent in this place.
 E = Time spent auto-exploring this place.
 F = Levels seen in this place.
 G = Mean time per level.
                   A        B        C        D        E       F      G
               +--------+--------+--------+--------+--------+-----+--------+
         Total |   2583 |   2448 |    135 |    183 |   1494 |   4 |  645.8 |
       Dungeon |   2583 |   2448 |    135 |    183 |   1494 |   4 |  645.8 |
               +--------+--------+--------+--------+--------+-----+--------+

Top non-repeatable levels by time:
     D:3: 1097 daAuts
     D:2: 851 daAuts
     D:1: 575 daAuts
     D:4: 58 daAuts

Table legend:
 A = Kills in this place as a percentage of kills in entire the game.
 B = Kills by you in this place as a percentage of kills by you in the entire game.
 C = Kills by friends in this place as a percentage of kills by friends in the entire game.
 D = Other kills in this place as a percentage of other kills in the entire game.
 E = Experience gained in this place as a percentage of experience gained in the entire game.
 F = Experience gained in this place divided by the number of levels of this place that you have seen.
                   A       B       C       D       E      F
               +-------+-------+-------+-------+-------+----------------------
         Total | 100.0 | 100.0 | 100.0 | 100.0 | 100.0 | 244.0
       Dungeon | 100.0 | 100.0 | 100.0 | 100.0 | 100.0 | 244.0
               +-------+-------+-------+-------+-------+----------------------
